 Dungeon Crawl Stone Soup version 0.30-a0-939-gc8157cb160 (webtiles) character file.

Game seed: 13643357748105026148

10404 gruber the Devastator (level 11, -4/57 HPs)
             Began as a Deep Elf Conjurer on Mar 25, 2023.
             Was a Priest of Vehumet.
             Slain by a boulder beetle (28 damage)
             ... on level 11 of the Dungeon.
             The game lasted 00:19:21 (13136 turns).

gruber the Devastator (Deep Elf Conjurer)          Turns: 13136, Time: 00:19:21

Health: -4/57      AC:  9    Str:  4    XL:     11   Next: 35%
Magic:  0/26       EV: 14    Int: 28    God:    Vehumet [***...]
Gold:   262        SH:  0    Dex: 13    Spells: 21/28 levels left

rFire   + . .      SeeInvis .    P - +2 Maxwell's thermic engine {flame, freeze, rev}
rCold   + . .      Faith    .    (no shield)
rNeg    . . .      Spirit   +    H - +2 robe {Will+}
rPois   +          Reflect  .    j - +1 helmet
rElec   .          Rampage  .    (no cloak)
rCorr   .                        a - +0 pair of gloves
Will    ++...                    I - +1 pair of boots
Stlth   ++++                     J - amulet of guardian spirit
HPRegen 0.29/turn                E - ring of poison resistance
MPRegen 0.20/turn                N - ring "Ymman" {rF+ rC+}

@: no status effects
A: no striking features
a: Renounce Religion


You were on level 11 of the Dungeon.
You worshipped Vehumet.
Vehumet was most pleased with you.
You visited 2 branches of the dungeon, and saw 12 of its levels.

You collected 730 gold pieces.
You spent 468 gold pieces at shops.

Inventory:

Hand Weapons
 P - the +2 Maxwell's thermic engine (weapon) {flame, freeze, rev}
   (You found it on level 11 of the Dungeon)
Missiles
 K - a throwing net
Armour
 a - a +0 pair of gloves (worn)
 j - a +1 helmet (worn)
 H - a +2 robe of willpower (worn)
 I - a +1 pair of boots (worn)
Jewellery
 D - a ring of resist corrosion
 E - a ring of poison resistance (left hand)
 J - an amulet of guardian spirit (around neck)
 N - the ring "Ymman" (right hand) {rF+ rC+}
   (You bought it in a shop on level 8 of the Dungeon)

   [ring of protection from fire]

   rF:        It protects you from fire.
   rC:        It protects you from cold.
Wands
 o - a wand of quicksilver (8)
 B - a wand of flame (68)
 F - a wand of mindburst (9)
 G - a wand of polymorph (4)
 L - a wand of roots (9)
 M - a wand of paralysis (13)
Scrolls
 f - 3 scrolls of enchant armour {unknown}
 g - 11 scrolls of teleportation {unknown}
 i - 9 scrolls of identify {unknown}
 k - 2 scrolls of torment {unknown}
 n - 3 scrolls of vulnerability {unknown}
 q - 3 scrolls of fear {unknown}
 r - a scroll of silence {unknown}
 u - 2 scrolls of immolation {unknown}
 v - 2 scrolls of enchant weapon {unknown}
 w - a scroll of blinking {unknown}
 x - 3 scrolls of fog {unknown}
Potions
 b - 2 potions of magic
 c - 2 potions of might {unknown}
 d - a potion of mutation {unknown}
 e - 7 potions of heal wounds {unknown}
 h - a potion of degeneration {unknown}
 l - 2 potions of lignification {unknown}
 m - 4 potions of attraction {unknown}
 p - 5 potions of brilliance {unknown}
 s - 2 potions of cancellation {unknown}
 t - 2 potions of ambrosia {unknown}
 z - a potion of berserk rage {unknown}
 A - 5 potions of curing {unknown}
 C - a potion of invisibility {unknown}
 O - a potion of flight {unknown}


   Skills:
 - Level 2.1 Fighting
 * Level 4.6 Long Blades
 - Level 5.2 Dodging
 - Level 9.2 Stealth
 - Level 9.2 Spellcasting
 - Level 15.2 Conjurations


You had 21 spell levels left.
You knew the following spells:

 Your Spells              Type           Power      Damage    Failure   Level
a - Magic Dart            Conj           100%       1d8       0%          1
b - Searing Ray           Conj           100%       2d8       0%          2
c - Iskenderun's Mystic   Conj/Tloc      53%        2d11      1%          4

Your spell library contained the following spells:

 Spells                   Type           Power      Damage    Failure   Level
 Flame Wave               Conj/Fire      53%        2d13      1%          4
 Momentum Strike          Conj/Tloc      100%       3d10      1%          2
 Dazzling Flash           Conj/Hex       100%       N/A       1%          3
 Mephitic Cloud           Conj/Pois/Air  41%        N/A       1%          3
 Fulminant Prism          Conj/Hex       26%        3d13      1%          4
 Kindle Blastsparks       Fire/Tloc/Air  24%        2d12      3%          3
 Apportation              Tloc           24%        N/A       4%          1
 Blink                    Tloc           24%        N/A       7%          2
 Call Imp                 Summ           12%        N/A       7%          2
 Ensorcelled Hibernation  Hex/Ice        24%        N/A       7%          2
 Lesser Beckoning         Tloc           24%        N/A       7%          2
 Spider Form              Tmut/Pois      12%        N/A       13%         3
 Lee's Rapid Deconstruct  Erth           6%         3d6*      30%         5
 Anguish                  Hex/Necr       6%         N/A       41%         4
 Manifold Assault         Tloc           12%        N/A       41%         4
 Agony                    Necr           12%        N/A       77%         5
 Alistair's Intoxication  Tmut/Pois      8%         N/A       77%         5
 Silence                  Hex/Air        6%         N/A       77%         5
 Storm Form               Tmut/Air       6%         N/A       100%        7


Dungeon Overview and Level Annotations

Branches:
Dungeon (11/15)            Temple (1/1) D:6             Orc (0/2) D:11
   Lair: D:8-11

Altars:
Ashenzari
Cheibriados
Dithmenos
Elyvilon
Fedhas
Qazlal
Ru
Uskayaw
Vehumet
Zin

Shops:
D:8 =:


Message History

The searing ray hits the two-headed ogre!
The two-headed ogre is moderately wounded.
A boulder beetle comes into view.
Unknown command.
Unknown command.
Unknown command.
Casting: Searing Ray (safe; 0% risk of failure)
Confirm with . or Enter, or press ? or * to list all spells.
You erupt in a blast of force!
The mystic blast hits the two-headed ogre!
The two-headed ogre is heavily wounded.
The boulder beetle curls into a ball and begins rolling!
The two-headed ogre misses you. x2
Unknown command.
Unknown command.
Unknown command.
Casting: Iskenderun's Mystic Blast (dangerous; 1% risk of failure)
Confirm with . or Enter, or press ? or * to list all spells.
You erupt in a blast of force!
The mystic blast hits the two-headed ogre!
The two-headed ogre is severely wounded.
The two-headed ogre is knocked back by the mystic blast.
A shadow comes into view.
Unknown command.
Unknown command.
The boulder beetle attacks as you move away!
The boulder beetle hits you!!
The boulder beetle stops rolling and uncurls.
The boulder beetle curls into a ball and begins rolling!
The boulder beetle attacks as you move away!
The boulder beetle hits you!
The boulder beetle stops rolling and uncurls.
The boulder beetle curls into a ball and begins rolling!
There is an open door here.
Casting: Iskenderun's Mystic Blast (dangerous; 1% risk of failure)
Confirm with . or Enter, or press ? or * to list all spells.
You erupt in a blast of force!
The mystic blast hits the boulder beetle but does no damage.
The boulder beetle hits you!!
You die...

#.....'...'.......
....#.....#...#....... ##
#...#.....#...##......
#.#####...#.....#..)##..^...
#.........#.....#...####'###
#.........#.....#...#....... .
#.........#.....#...+....... ..
#.........#.....#...#.......
....##.....OW.°B@....'...#.......
.............°.#.....#####.......
....##....##...#.................
....##...°######..........#######
.........°.# #..........#....'.
...........# #..........#....#.
........O..# .#..........#....#.
..####..#### ............#'####.
# #..# .########........##.


You could see a boulder beetle (rolling), a two-headed ogre and a shadow.

Vanquished Creatures
  Erica (D:10)
  5 two-headed ogres
  A komodo dragon (D:7)
  A hornet (D:10)
  A troll (D:11)
  2 shadows
  4 wyverns
  A wraith (D:9)
  8 yaks
  2 steam dragons
  Menkaure (D:4)
  2 acid dragons (D:11)
  A water moccasin (D:5)
  2 black bears (D:6)
  A sky beast (D:7)
  An ogre (D:5)
  5 centaurs
  3 phantoms
  2 bullfrogs
  2 gnoll sergeants
  2 scorpions
  11 wights
  2 troll zombies (D:11)
  2 howler monkeys
  3 hounds
  2 jellies (D:4)
  6 orc priests
  2 gnoll boudas
  5 iguanas
  Ijyb (D:4)
  12 orc wizards
  6 ogre zombies (D:11)
  A mummy (D:10)
  18 gnolls
  8 adders
  A shadow imp (D:8)
  A dart slug (D:1)
  28 orcs
  6 bats
  7 endoplasms
  2 giant cockroaches
  6 goblins
  8 hobgoblins
  6 jackals
  8 kobolds
  4 quokkas
  4 ball pythons
  5 frilled lizards
  2 goblin skeletons (D:11)
  4 goblin zombies (D:11)
  A hobgoblin skeleton (D:11)
  2 hobgoblin zombies (D:11)
  3 orc skeletons (D:11)
  8 orc zombies (D:11)
  6 rats
239 creatures vanquished.

Vanquished Creatures (others)
  11 fungi (D:11)
  17 plants (D:11)
28 creatures vanquished.

Grand Total: 267 creatures vanquished

Notes
Turn   | Place    | Note
-------+----------+-------------------------------------------
     0 | D:1      | gruber the Deep Elf Conjurer began the quest for the Orb.
     0 | D:1      | Reached XP level 1. HP: 10/10 MP: 6/6
   296 | D:1      | Reached XP level 2. HP: 15/15 MP: 5/8
   299 | D:1      | Learned a level 2 spell: Searing Ray
   336 | D:1      | Reached skill level 5 in Conjurations
  1374 | D:2      | Found a faded altar of an unknown god.
  1403 | D:2      | Reached XP level 3. HP: 19/19 MP: 4/9
  1933 | D:2      | Noticed a scorpion
  1939 | D:2      | Killed a scorpion
  1940 | D:2      | Reached skill level 6 in Conjurations
  1940 | D:2      | Reached XP level 4. HP: 24/24 MP: 3/12
  2488 | D:3      | Reached XP level 5. HP: 28/28 MP: 10/13
  3217 | D:4      | Noticed Ijyb
  3228 | D:4      | Killed Ijyb
  3549 | D:4      | Noticed Menkaure
  3556 | D:4      | Killed Menkaure
  3557 | D:4      | Reached skill level 5 in Spellcasting
  3557 | D:4      | Reached skill level 7 in Conjurations
  3557 | D:4      | Reached XP level 6. HP: 18/32 MP: 5/16
  3865 | D:4      | Found a glowing silver altar of Zin.
  4158 | D:5      | Entered Level 5 of the Dungeon
  4300 | D:5      | Reached XP level 7. HP: 4/36 MP: 6/19
  4518 | D:5      | Found a broken altar of Ashenzari.
  4570 | D:5      | Reached skill level 8 in Conjurations
  5104 | D:5      | Learned a level 4 spell: Iskenderun's Mystic Blast
  5425 | D:6      | Reached XP level 8. HP: 32/41 MP: 10/22
  5589 | D:6      | Found a hide-covered altar of Uskayaw.
  5589 | D:6      | Found a staircase to the Ecumenical Temple.
  5743 | D:6      | Reached skill level 9 in Conjurations
  5770 | Temple   | Entered the Ecumenical Temple
  5795 | Temple   | Became a worshipper of Vehumet
  6281 | D:7      | Reached skill level 10 in Conjurations
  7051 | D:7      | Reached skill level 11 in Conjurations
  7115 | D:7      | Noticed a komodo dragon
  7125 | D:7      | Killed a komodo dragon
  7126 | D:7      | Reached XP level 9. HP: 45/45 MP: 7/24
  7294 | D:7      | Reached * piety under Vehumet
  7294 | D:7      | Offered knowledge of Kiss of Death by Vehumet.
  7494 | D:7      | Reached skill level 5 in Dodging
  7598 | D:8      | Reached skill level 1 in Fighting
  7986 | D:8      | Reached skill level 5 in Stealth
  8304 | D:8      | Found Ularus's Jewellery Boutique.
  8311 | D:8      | Bought the ring "Ymman" {rF+ rC+} for 468 gold pieces
  8351 | D:8      | Found Sefeper's Tremendous Tomes.
  8875 | D:9      | Reached ** piety under Vehumet
  8953 | D:9      | Offered knowledge of Scorch by Vehumet.
  8954 | D:9      | Reached XP level 10. HP: 47/53 MP: 13/25
  9204 | D:9      | Reached skill level 12 in Conjurations
  9293 | D:9      | Noticed a two-headed ogre
  9836 | D:9      | Noticed a two-headed ogre
  9847 | D:9      | Killed a two-headed ogre
 10386 | D:10     | Entered Level 10 of the Dungeon
 10409 | D:10     | Reached skill level 13 in Conjurations
 11058 | D:10     | Noticed a two-headed ogre
 11071 | D:10     | Killed a two-headed ogre
 11072 | D:10     | Reached skill level 14 in Conjurations
 11182 | D:10     | Found a snail-covered altar of Cheibriados.
 11323 | D:10     | Noticed a two-headed ogre
 11329 | D:10     | Killed a two-headed ogre
 11859 | D:10     | Noticed Erica
 11871 | D:10     | Killed Erica
 11872 | D:10     | Reached XP level 11. HP: 57/57 MP: 7/26
 12221 | D:11     | Noticed a two-headed ogre
 12230 | D:11     | Killed a two-headed ogre
 12231 | D:11     | Reached skill level 15 in Conjurations
 12337 | D:11     | Found the +2 Maxwell's thermic engine {flame, freeze, rev}
 12438 | D:11     | Found a blossoming altar of Fedhas.
 12452 | D:11     | Reached skill level 1 in Long Blades
 12633 | D:11     | Offered knowledge of Hailstorm by Vehumet.
 12718 | D:11     | Found a staircase to the Orcish Mines.
 12753 | D:11     | Reached *** piety under Vehumet
 13007 | D:11     | Noticed a two-headed ogre
 13015 | D:11     | Killed a two-headed ogre
 13089 | D:11     | Offered knowledge of Flame Wave by Vehumet.
 13119 | D:11     | Noticed a two-headed ogre
 13121 | D:11     | Noticed a boulder beetle
 13136 | D:11     | Slain by a boulder beetle

Illustrated notes

Levels and vault maps discovered:
D:1:      eino_arrival_water_star, layout_basic
D:2:      layout_basic, hellmonk_ecumenical_altar_arch_garden
D:3:      layout_basic, wad_rectangle_vault
D:4:      layout_gridville, nicolae_overflow_crystal_walls, minivault_14,
          uniq_menkaure, uniq_ijyb
D:5:      layout_basic, mainiacjoe_overflow_concentric_impassable,
          palyth_stone_intersect
D:6:      layout_basic, mainiacjoe_overflow_alcove_2,
          minmay_temple_entry_statues_fountains
D:7:      layout_gridville
D:8:      layout_basic, serial_shops, nicolae_shop_advertising_works
          [nicolae_subvault_shop_adworks], nicolae_shop_i_like_big_books,
          kennysheep_windowed_goal
D:9:      nicolae_whirlpool, layout_grid_maze, serial_glass, glass_columns_b,
          glass_columns_a, glass_columns_a, glass_columns_b, glass_columns_c,
          glass_columns_a, dreamdust_mushroom_princess
D:10:     layout_grid_maze, chei_slow_surprise, uniq_erica
D:11:     layout_gridville, dpeg_oklobed_lair, zombieorc2_lemuel, fedhas_altar_3
Temple:   mainiacjoe_temple_coin_purse

Skill      XL: |  1  2  3  4  5  6  7  8  9 10 11 |
---------------+----------------------------------+-----
Conjurations   | 5 6 7 8 11 14 15 | 15.2
Spellcasting   | 4 5 6 8 9 |  9.2
Dodging        | 4 5 |  5.2
Fighting       | 2 |  2.1
Stealth        | 9 |  9.2
Long Blades    | 4 |  4.6

Action                     |  1- 3 |  4- 6 |  7- 9 | 10-12 || total
---------------------------+-------+-------+-------+-------++-------
  Melee: Dagger            |       |     2 |       |     2 ||     4
         Double sword      |       |       |       |    50 ||    50
         Punch             |       |       |       |     2 ||     2
   Cast: Magic Dart        |    64 |   104 |    87 |    46 ||   301
         Searing Ray       |     1 |     5 |    66 |    41 ||   113
         Iskenderun's Myst |       |       |     8 |    40 ||    48
  Evoke: Wand              |       |       |       |     2 ||     2
   Stab: Distracted        |       |       |       |     2 ||     2
 Armour: Robe              |       |     4 |    16 |    24 ||    44
  Dodge: Dodged            |     4 |    11 |    43 |    64 ||   122

Table legend: (Time is in decaauts)
 A = Elapsed time spent in this place.
 B = Non-inter-level travel time spent in this place.
 C = Inter-level travel time spent in this place.
 D = Time resting spent in this place.
 E = Time spent auto-exploring this place.
 F = Levels seen in this place.
 G = Mean time per level.
                   A        B        C        D        E       F      G
               +--------+--------+--------+--------+--------+-----+--------+
         Total |  13175 |  12654 |    521 |      7 |  11208 |  12 | 1097.9 |
       Dungeon |  13140 |  12629 |    511 |      7 |  11192 |  11 | 1194.5 |
        Temple |     34 |     25 |      9 |      0 |     16 |   1 |   34.0 |
               +--------+--------+--------+--------+--------+-----+--------+

Top non-repeatable levels by time:
    D:10: 1809 daAuts
     D:9: 1581 daAuts
     D:7: 1345 daAuts
     D:8: 1253 daAuts
     D:1: 1190 daAuts
     D:3: 1151 daAuts
     D:5: 1096 daAuts
     D:4: 981 daAuts
    D:11: 955 daAuts
     D:6: 941 daAuts
     D:2: 832 daAuts
  Temple: 34 daAuts
